 Dungeon Sprint DCSS version 0.31-a0-656-gb4d89c20fa (webtiles) character file.

Game seed: 8760129224371392845

77 rocky1 the Ruffian (level 4, -3/32 HPs)
             Began as a Djinni Shapeshifter on Aug 31, 2023.
             Slain by a water elemental (19 damage)
             ... in the Dungeon (Sprint III: "The Ten Rune Challenge").
             The game lasted 00:01:32 (436 turns).

rocky1 the Ruffian (Djinni Shapeshifter)             Turns: 436, Time: 00:01:32

Health: -3/32      AC:  2    Str: 13    XL:     4   Next: 60%
Gold:   22         EV: 13    Int: 14    God:
                   SH:  0    Dex: 12

rFire   + +          .
                       - Unarmed
rCold   x . .        (no shield)
rNeg    . . .        a - +0 animal skin
rPois   ∞            (helmet currently unavailable)
rElec   .            (cloak currently unavailable)
rCorr   .            (gloves currently unavailable)
SInv    .            (boots unavailable)
Will    .....        (no amulet)
Stlth   ++           (no ring)
HPRegen 0.25/turn    (no ring)
MPRegen 0.00/turn

%: no teleportation, infuse magic (-4 HP)
@: beast-form, engulfed, flying
A: beast (slay +2), flying, sickness immunity, fire resistance 2, cold
vulnerability 1, float, innate caster, HP casting, extra vitality 1
a: Begin Untransformation


You were in the Dungeon.
You were a hulking beast.
You visited 1 branch You collected 22 gold pieces.

Inventory:

Armour
 a - a +0 animal skin (worn)
Talismans
 c - a beast talisman (active)
 d - a flux talisman
Scrolls
 i - a scroll of blinking
 m - 2 scrolls of immolation {unknown}
 n - 3 scrolls of identify
Potions
 b - a potion of lignification
 e - a potion of curing
 f - a potion of heal wounds
 g - a potion of haste
 h - a potion of berserk rage
 j - a potion of resistance {unknown}
 k - 3 potions of degeneration {unknown}
 l - 6 potions of mutation
 o - a potion of cancellation {unknown}


   Skills:
 + Level 1.3 Fighting
 + Level 3.5 Dodging
 + Level 1.1 Stealth
 + Level 6.0 Unarmed Combat
 + Level 5.1 Shapeshifting


You knew the following spells:

 Your Spells              Type           Power      Damage    Failure   Level
a - Slow                  Hex            0%         N/A       28%         1
Your spell library was empty.

Dungeon Overview and Level Annotations

Branches:
Dungeon (1/1)

Altars:


Innate Abilities, Weirdness & Mutations

You are a hulking beast.
Your limbs bulge with bestial killing power. (Slay +2)
You are flying.
You are immune to sickness and miasma.
You are immune to poison.
Your flesh is very heat resistant. (rF++)
You are vulnerable to cold. (rC-)
You float through the air rather than walking.
You learn spells naturally, not from books.
Your magical power is your life essence.
You have superior vitality. (+4 MHP)


Message History

You kill the human!
Your Unarmed Combat skill increases to level 6!
Your Shapeshifting skill increases to level 5!
You see here a human corpse.
You start resting.
HP restored.
You reach down and open the door.
A water elemental comes into view.
Okay, then.
Unknown command.
Casting: Slow (safe; 28% risk of failure)
Confirm with . or Enter, or press ? or * to list all spells.
Okay, then.
Casting: Slow (safe; 28% risk of failure)
Confirm with . or Enter, or press ? or * to list all spells.
You can't see any susceptible monsters within range! (Use Z to cast anyway.) Unknown command.
There is an open door to the Ecumenical Temple here.
The water elemental barely misses you.
You punch the water elemental!
The water elemental is moderately damaged.
The water elemental barely misses you.
You barely miss the water elemental.
The water elemental is moderately damaged.
The water elemental closely misses you.
You hit the water elemental.
The water elemental is heavily damaged.
The water elemental barely misses you.
You punch the water elemental!
The water elemental is severely damaged.
You barely miss the water elemental.
The water elemental is severely damaged.
The water elemental hits you!
Ouch! That really hurt!
The water elemental engulfs you in water!
You hit the water elemental.
The water elemental is almost destroyed.
The water elemental hits you!!
Ouch! That really hurt!
You die...

▓▓▓▓▓▓▓▓▓ ▓▓▓ #..'....♣♣
♣.# #..#.....♣♣ ♣♣.#
####....♣.♣ ..#
...#....~♣♣♣♣♣.###+#+###
...#...~~.♣.♣♣.#........
...#..~~~~♣....'hE......
##'#..~≈≈~~~♣♣.#...#####
.†.#.~~≈~~~....#.⌠.#
...#.~≈~~~.....#...#
...#.~~†.......#+###
####...........#
...............#
▓▓▓▓▓▓▓▓▓▓▓▓▓▓▓▓


You could see a water elemental.

Vanquished Creatures
  A scorpion (D)
  A human (D)
  2 endoplasms (D)
  2 rats (D)
6 creatures vanquished.

Notes
Turn   | Place    | Note
-------+----------+-------------------------------------------
     0 | D        | rocky1 the Djinni Shapeshifter began the quest for the Orb.
     0 | D        | Reached XP level 1. HP: 17/17 MP: 0/0
   136 | D        | Noticed a scorpion
   152 | D        | Killed a scorpion
   153 | D        | Reached skill level 1 in Stealth
   153 | D        | Reached skill level 5 in Unarmed Combat
   153 | D        | Reached XP level 2. HP: 5/22 MP: 0/0
   153 | D        | Reached XP level 3. HP: 6/27 MP: 0/0
   153 | D        | Learned a level 1 spell: Slow
   153 | D        | Reached XP level 4. HP: 8/32 MP: 0/0
   409 | D        | Reached skill level 6 in Unarmed Combat
   409 | D        | Reached skill level 5 in Shapeshifting
   428 | D        | Noticed a water elemental
   436 | D        | Slain by a water elemental

Illustrated notes

Levels and vault maps discovered:
D:        dungeon_sprint_mu [sprint_mu_entry_forest, sprint_mu_temple_rooms,
          sprint_mu_d1_horrors, sprint_mu_d2_genie, sprint_mu_d3_branching,
          sprint_mu_orc_legion, sprint_mu_elf_gauntlet, sprint_mu_hive_nellie,
          sprint_mu_lair_fedhas, sprint_mu_vaults_butterflies,
          sprint_mu_slime_circle, sprint_mu_swamp_cave, sprint_mu_shoals_archi,
          sprint_mu_blade_basic, sprint_mu_crypt_lich, sprint_mu_tomb_spiral,
          sprint_mu_vestibule_basic, sprint_mu_gehenna_hellfire,
          sprint_mu_dis_giant, sprint_mu_tartarus_statrot,
          sprint_mu_cocytus_islands, sprint_mu_zot1]

Skill      XL: |  1  2  3  4 |
---------------+-------------+-----
Shapeshifting  | 4 5 |  5.1
Dodging        | 3 |  3.5
Stealth        | 1 |  1.1
Unarmed Combat | 5 6 |  6.0
Fighting       | |  1.3

Action                     |  1- 3 |  4- 6 || total
---------------------------+-------+-------++-------
  Melee: Unarmed           |    22 |    14 ||    36
         Punch             |       |     1 ||     1
   Stab: Sleeping          |     2 |       ||     2
 Armour: Animal skin       |     2 |       ||     2
  Dodge: Dodged            |    13 |     8 ||    21

Table legend: (Time is in decaauts)
 A = Elapsed time spent in this place.
 B = Non-inter-level travel time spent in this place.
 C = Inter-level travel time spent in this place.
 D = Time resting spent in this place.
 E = Time spent auto-exploring this place.
 F = Levels seen in this place.
 G = Mean time per level.
                   A        B        C        D        E       F      G
               +--------+--------+--------+--------+--------+-----+--------+
         Total |    432 |    432 |      0 |    314 |      0 |   1 |  432.0 |
       Dungeon |    432 |    432 |      0 |    314 |      0 |   1 |  432.0 |
               +--------+--------+--------+--------+--------+-----+--------+

Top non-repeatable levels by time:
       D: 432 daAuts
